 Dungeon Crawl Stone Soup version 0.19-a0-450-g98b348d (webtiles) character file.

51 Skanax the Grave Robber (level 3, -3/24 HPs)
             Began as a Demonspawn Necromancer on June 1, 2016.
             Slain by a gnoll
             ... wielding a +0 halberd
              (8 damage)
             ... on level 2 of the Dungeon.
             The game lasted 00:06:45 (1200 turns).

Skanax the Grave Robber (Demonspawn Necromancer)    Turns: 1200, Time: 00:06:46

Health: -3/24      AC:  8    Str:  8    XL:     3   Next: 57%
Magic:  1/7        EV: 12    Int: 17    God:
Gold:   40         SH:  0    Dex: 13    Spells: 3 memorised, 2 levels left

rFire  . . .     SeeInvis .     g - +0 dagger
rCold  . . .     Gourm    .     a - +0 robe
rNeg   . . .     Faith    .     (no shield)
rPois  .         Spirit   .     (no helmet)
rElec  .         Dismiss  .     (no cloak)
rCorr  .         Reflect  .     (no gloves)
SustAt .         Harm     .     (no boots)
MR     .....                    i - amulet of inaccuracy (curse)
Stlth  ++........               (no ring)
                                h - +4 ring of protection

@: not resistant to hostile enchantments, unstealthy
A: slimy green scales 1
a: no special abilities


You were on level 2 of the Dungeon.
You were not hungry.

You visited 1 branch of the dungeon, and saw 2 of its levels.

You collected 40 gold pieces.

Inventory:

Hand Weapons
 g - a +0 dagger (weapon)
 m - a +0 hunting sling
Missiles
 e - 25 stones (quivered)
 k - 38 arrows
Armour
 a - a +0 robe (worn)
Jewellery
 h - a +4 ring of protection (left hand)
 i - a cursed amulet of inaccuracy (around neck)
Potions
 j - a potion of magic {unknown}
 l - a potion of invisibility {unknown}
Books
 b - a book of Necromancy

   Spells                             Type                      Level
   a - Pain                           Necromancy                   1
   b - Animate Skeleton               Necromancy                   1
   c - Vampiric Draining              Necromancy                   3
   d - Regeneration                   Charms/Necromancy            3
   e - Animate Dead                   Necromancy                   4
   f - Control Undead                 Necromancy                   4
Comestibles
 c - a bread ration
 d - 4 chunks of flesh
 f - a meat ration


   Skills:
 + Level 0.2 Fighting
 + Level 0.1 Short Blades
 + Level 1.7 Dodging
 + Level 1.8 Stealth
 + Level 2.7 Spellcasting
 + Level 5.2 Necromancy


You had 2 spell levels left.
You knew the following spells:

 Your Spells              Type           Power        Failure   Level  Hunger
a - Pain                  Necr           ###.         2%          1    #......
b - Animate Skeleton      Necr           N/A          2%          1    #......
c - Regeneration          Chrm/Necr      ##........   21%         3    ###....


Dungeon Overview and Level Annotations

Branches:
Dungeon (2/15)

Altars:


Innate Abilities, Weirdness & Mutations

You are partially covered in slimy green scales. (AC +2)


Message History

You swap places.
Your rat skeleton bites the gnoll.
You swap places.
The gnoll hits your rat skeleton with a halberd!
Your rat skeleton is destroyed!
The gnoll hits your hobgoblin skeleton with a spear!
Your hobgoblin skeleton is destroyed!
Your goblin skeleton barely misses the gnoll.
The gnoll hits you from afar with a halberd!
* * * LOW HITPOINT WARNING * * *
Your goblin skeleton barely misses something.
Something hits your goblin skeleton!
Your goblin skeleton is destroyed!
Casting: Pain
Confirm with . or Enter, or press ? or * to list all spells.
Aiming: Pain
Press: ? - help, Shift-Dir - straight line, f/p - gnoll
Aim: a gnoll, wielding a halberd (severely wounded, chance to defeat MR: 85%)
The gnoll convulses in agony!
The gnoll hits you from afar with a halberd!
You die...

################
............ZZ.#
#####..######.# #..#
#.# #####..######.#
########
#......ggg.#..#
#......#
#)###..###....##
#.####.# #.#
#...g..@...###.# #.#
#gg##.####.........#
#.# ..%...#
###.####### #.#
......## #.# #Z####
###.##.# #.# #.Z..#
#.##.# #+# ####.#
... # #.# ..# #.#
#Z#


You could see 3 gnolls.

Vanquished Creatures
  A gnoll (D:2)
  3 dart slugs (D:1)
  2 bats (D:1)
  A giant cockroach (D:1)
  3 goblins
  5 hobgoblins
  A jackal (D:1)
  2 kobolds (D:1)
  A ball python (D:1)
  3 giant newts (D:1)
  5 rats
27 creatures vanquished.

Vanquished Creatures (collateral kills)
  A worm (D:2)
  2 goblins (D:1)
  2 kobolds (D:1)
5 creatures vanquished.

Grand Total: 32 creatures vanquished

Notes
Turn   | Place    | Note
--------------------------------------------------------------
     0 | D:1      | Skanax the Demonspawn Necromancer began the quest for the Orb.
     0 | D:1      | Reached XP level 1. HP: 13/13 MP: 3/3
     2 | D:1      | Learned a level 1 spell: Animate Skeleton
   174 | D:1      | Gained mutation: You are partially covered in slimy green scales. (AC +2) [demonic ancestry]
   174 | D:1      | Reached XP level 2. HP: 11/19 MP: 0/5
   835 | D:1      | Reached skill level 5 in Necromancy
   835 | D:1      | Reached XP level 3. HP: 12/24 MP: 3/6
   942 | D:2      | Learned a level 3 spell: Regeneration
  1200 | D:2      | Slain by a gnoll

Vault maps used:
D:1:      mrwooster_arrival_statue_2
D:2:      first_bread, kennysheep_generic_room_8

Skill      XL: |  1  2 |
---------------+-------+-----
Necromancy     | 5 |  5.2
Fighting       | |  0.2
Short Blades   | |  0.1
Dodging        | |  1.7
Stealth        | |  1.8
Spellcasting   | |  2.7

Action                   || total
-------------------------++-------
Melee: Unarmed           ||     8
       Dagger            ||    17
 Cast: Pain              ||    50
       Animate Skeleton  ||    17
       Regeneration      ||     1
  Use: Scroll            ||     2
  Eat: Chunk             ||     2
Armor: Robe              ||     2
Dodge: Dodged            ||    23
